AoeStats
← tarepo

Black Forest

508455336Analyzed
4v4 RM · 8d ago on Sep 22, 2026· 68m 16s· 8 players
Game mode
Random Map
Map size
Large (8 player)
Population
200
Speed
Normal
Resources
Standard
Victory
Conquest
Starting age
Dark Age
Ending age
Imperial Age
RankedLock teamsTeams togetherTeam positionsShared explorationLock speedFull tech treeHidden civsTurbo modeCheats
Victory
Defeat
🇨🇭 Teutons · Switzerland
741
+12
🇹🇷 Vietnamese · Türkiye
661
+15
🇨🇭 Spanish · Switzerland
649
+16
🇬🇧 Bohemians · United Kingdom
627
+16
🇬🇧 Romans · United Kingdom
691
-17
🇧🇷 Chinese · Brazil
653
-15
🇨🇴 Slavs · Colombia
619
-14
🇨🇴 Portuguese · Colombia
609
-13
MADDEVIL97
13:36 Feudal Age
15:28 Wheelbarrow
14:49 Gold Mining
14:48 Double-Bit Axe
18:41 Castle Age
21:53 Bow Saw
22:30 Gold Shaft Mining
27:08 Stone Mining
27:27 Padded Archer Armor
27:31 Fletching
30:54 Hand Cart
38:01 Imperial Age
39:00 Heavy Scorpion
39:19 Onager
51:52 Cavalier
62:41 Light Cavalry
cristianfender77
3:45 Loom
12:27 Feudal Age
18:07 Wheelbarrow
18:12 Double-Bit Axe
21:30 Scale Mail Armor
21:37 Scale Barding Armor
21:33 Padded Archer Armor
21:24 Fletching
21:45 Forging
27:11 Castle Age
31:03 Hand Cart
32:13 Bow Saw
31:50 Horse Collar
32:15 Squires
31:35 Man-at-Arms
33:30 Town Watch
33:09 Elite Skirmisher
33:51 Crossbowman
37:58 Iron Casting
37:18 Bodkin Arrow
37:39 Leather Archer Armor
37:40 Chain Mail Armor
37:49 Pikeman
37:50 Long Swordsman
40:28 Ballistics
40:46 Husbandry
51:11 Bloodlines
53:36 Imperial Age
52:59 Light Cavalry
68:45 Chemistry
Jorjão
0:46 Loom
12:51 Feudal Age
15:44 Wheelbarrow
15:03 Stone Mining
17:49 Gold Mining
18:25 Town Watch
20:03 Double-Bit Axe
22:06 Horse Collar
27:26 Castle Age
26:20 Padded Archer Armor
26:10 Fletching
29:22 Gold Shaft Mining
29:27 Stone Shaft Mining
29:48 Hand Cart
30:32 Heavy Plow
31:00 Leather Archer Armor
30:40 Bodkin Arrow
31:45 Caravan
32:06 Town Patrol
34:45 Bow Saw
37:13 Imperial Age
36:04 Ballistics
37:04 Thumb Ring
37:06 Murder Holes
39:07 Two-Man Saw
39:46 Chemistry
39:19 Ring Archer Armor
38:50 Bracer
39:37 Conscription
41:02 Rocketry
43:40 Fortified Wall
43:41 Masonry
44:26 Elite Chu Ko Nu
46:38 Architecture
51:02 Pikeman
51:42 Squires
51:29 Arson
51:47 Scale Mail Armor
51:57 Forging
53:06 Halberdier
58:42 Chain Mail Armor
59:02 Iron Casting
58:45 Great Wall
depardor
1:12 Loom
12:32 Feudal Age
13:50 Wheelbarrow
13:29 Double-Bit Axe
19:33 Castle Age
18:59 Town Watch
18:57 Horse Collar
20:41 Bow Saw
21:20 Caravan
23:11 Hand Cart
23:23 Heavy Plow
25:05 Scale Barding Armor
25:31 Forging
25:39 Fervor
25:49 Sanctity
26:53 Chain Barding Armor
27:08 Stone Mining
27:39 Bloodlines
27:29 Husbandry
29:35 Iron Casting
35:02 Imperial Age
34:28 Fletching
34:39 Padded Archer Armor
36:26 Crop Rotation
35:48 Cavalier
37:24 Gold Mining
38:12 Stone Shaft Mining
39:29 Plate Barding Armor
39:55 Blast Furnace
38:52 Bodkin Arrow
39:01 Scale Mail Armor
39:17 Leather Archer Armor
42:33 Two-Man Saw
45:30 Bracer
51:47 Conscription
50:48 Elite Organ Gun
57:14 Siege Engineers
58:11 Chemistry
57:21 Masonry
57:32 Ballistics
57:22 Careening
57:24 Fortified Wall
57:11 Murder Holes
56:57 Treadmill Crane
57:47 Arquebus
57:58 Circumnavigation
Delacoal
13:48 Feudal Age
14:48 Double-Bit Axe
14:45 Horse Collar
22:52 Castle Age
24:50 Bow Saw
29:39 Heavy Plow
30:42 Wheelbarrow
32:41 Loom
34:09 Hand Cart
38:57 Imperial Age
36:40 Caravan
37:25 Town Watch
38:06 Fletching
38:17 Padded Archer Armor
38:29 Forging
39:40 Ballistics
40:20 Chemistry
39:33 Masonry
40:08 Treadmill Crane
40:37 Town Patrol
41:19 Iron Casting
40:44 Scale Mail Armor
40:49 Scale Barding Armor
40:41 Bodkin Arrow
41:01 Leather Archer Armor
41:09 Leather Archer Armor
42:02 Houfnice
43:58 Conscription
43:09 Pikeman
46:10 Two-Man Saw
46:07 Wagenburg Tactics
50:06 Halberdier
50:48 Squires
51:08 Siege Engineers
50:32 Elite Hussite Wagon
56:03 Guilds
Dustifey
0:30 Loom
11:32 Feudal Age
11:58 Double-Bit Axe
12:26 Horse Collar
14:42 Town Watch
18:09 Wheelbarrow
20:41 Castle Age
18:56 Gold Mining
19:36 Stone Mining
21:56 Bow Saw
21:48 Heavy Plow
23:05 Caravan
24:23 Town Patrol
25:11 Fortified Wall
27:58 Wheelbarrow
33:06 Imperial Age
30:52 Hand Cart
33:24 Gambesons
33:39 Squires
33:25 Arson
35:13 Chemistry
34:49 Elite Teutonic Knight
35:50 Conscription
36:43 Forging
36:34 Scale Mail Armor
36:39 Scale Barding Armor
37:18 Hoardings
39:25 Stone Shaft Mining
41:54 Iron Casting
41:34 Chain Mail Armor
42:12 Chain Mail Armor
44:24 Blast Furnace
43:21 Onager
44:55 Plate Mail Armor
44:57 Ironclad
44:59 Masonry
47:51 Siege Onager
62:47 Two-Man Saw
62:19 Crop Rotation
63:41 Siege Engineers
64:04 Chain Barding Armor
63:35 Fletching
tarepo
11:25 Feudal Age
13:04 Town Watch
17:50 Castle Age
16:32 Double-Bit Axe
16:31 Horse Collar
17:16 Gold Mining
17:49 Stone Mining
19:37 Bow Saw
23:03 Caravan
24:06 Stone Shaft Mining
28:07 Wheelbarrow
27:22 Loom
29:07 Masonry
29:44 Fortified Wall
32:19 Hand Cart
32:07 Town Patrol
33:59 Murder Holes
34:57 Forging
34:48 Scale Mail Armor
34:13 Pikeman
34:53 Squires
38:28 Chain Mail Armor
38:49 Iron Casting
38:21 Scale Barding Armor
42:30 Imperial Age
40:54 Padded Archer Armor
41:33 Husbandry
41:44 Bloodlines
42:34 Chain Barding Armor
43:42 Conscription
46:03 Two-Man Saw
44:26 Cavalier
45:38 Plate Mail Armor
46:09 Blast Furnace
45:45 Plate Barding Armor
45:26 Leather Archer Armor
45:33 Onager
46:38 Onager
49:09 Elite Conquistador
49:39 Onager
53:01 Halberdier
59:01 Chemistry
58:32 Architecture
57:53 Guard Tower
58:37 Ring Archer Armor
59:23 Paladin
60:37 Arrowslits
61:48 Light Cavalry
67:34 Hussar
mrBoombastic
0:46 Loom
13:55 Feudal Age
14:24 Horse Collar
14:33 Double-Bit Axe
14:46 Town Watch
16:13 Wheelbarrow
23:23 Castle Age
22:28 Arson
24:27 Bow Saw
24:20 Heavy Plow
24:25 Squires
25:26 Stone Mining
25:27 Gold Mining
27:23 Stone Shaft Mining
30:50 Scale Barding Armor
31:48 Chatras
32:29 Murder Holes
32:17 Treadmill Crane
32:59 Ballistics
32:46 Elite Skirmisher
39:25 Imperial Age
37:21 Scale Mail Armor
38:00 Town Patrol
39:21 Padded Archer Armor
39:12 Fletching
39:37 Chain Mail Armor
40:40 Forging
40:36 Sappers
41:42 Hoardings
42:06 Imperial Skirmisher
44:03 Two-Man Saw
45:22 Crop Rotation
48:44 Paper Money
48:58 Leather Archer Armor
50:09 Chemistry
55:04 Hand Cart
59:44 Pikeman
67:52 Bodkin Arrow
68:33 Iron Casting
Connection lost

Rejoining the realm…

Still unreachable

The connection could not be restored.

Session expired

The server has moved on; the page needs a fresh start.